 Dungeon Sprint DCSS version 0.30.1-4-g462c640d31 (webtiles) character file.

Game seed: 16888547444077434214

28611 Heoruswealwe the Ninja (level 13, -6/76 HPs)
             Began as a Spriggan Artificer on Sept 14, 2023.
             Was an Initiate of Gozag.
             Succumbed to poison (dark miasma)
             ... in the Dungeon (Sprint I: "Red Sonja").
             The game lasted 01:18:41 (3615 turns).

Heoruswealwe the Ninja (Spriggan Artificer)         Turns: 3615, Time: 01:18:42

Health: -6/76      AC:  4    Str:  7    XL:     13   Next: 10%
Magic:  1/15       EV: 38    Int: 17    God:    Gozag
Gold:   727        SH:  0    Dex: 17    Spells: 12/12 levels left

rFire   . . .        a - +4 quick blade (drain)
rCold   + + .        (no shield)
rNeg    + + +        v - +0 robe of the Unseen Realm {rElec rC++}
rPois   +            e - +0 mask of the Dragon {Will+ Slay+3 SInv}
rElec   +            f - +1 cloak {Stlth+}
rCorr   .            (gloves unavailable)
SInv    +            (boots unavailable)
Will    +++..        m - amulet of Nemelex Xobeh's Grace {Spirit rN++} Stlth *+++++++++
                     t - ring of poison resistance
HPRegen 0.32/turn    C - ring of positive energy
MPRegen 0.14/turn

%: no teleportation, guardian spirit
@: lethally poisoned (-6 -> -29), hasted and slowed, very quick
A: very small, no large weapons, unfitting armour, see invisible, speed 3,
clever 1, clumsy 1, high MP 1
a: Renounce Religion, Potion Petition, Call Merchant, Bribe Branch


You were in the Dungeon.
You worshipped Gozag.
Gozag was pleased with you.
You visited 1 branch You collected 11811 gold pieces.
You spent 7248 gold pieces at shops.
You donated 31 gold pieces to Zin.
You paid 3805 gold pieces to Gozag.

Inventory:

Hand Weapons
 a - a +4 quick blade of draining (weapon)
 b - a +3 rapier of flaming
Armour
 c - a +2 robe of fire resistance
 e - the +0 mask of the Dragon (worn) {Will+ Slay+3 SInv}
   (You bought it in a shop in the Dungeon)

   Slay:      It affects your accuracy & damage with ranged weapons and melee
   (+3).
   SInv:      It lets you see invisible.
   Will:      It increases your willpower.
 f - a +1 cloak of stealth (worn)
 v - the +0 robe of the Unseen Realm (worn) {rElec rC++}
   (You bought it in a shop in the Dungeon)

   rC:        It greatly protects you from cold.
   rElec:     It insulates you from electricity.
 z - a +0 robe of willpower
 D - a +1 cloak of preservation
Jewellery
 g - the amulet "Ufer" {Acrobat rElec Str+2 Stlth+}
   (You bought it in a shop in the Dungeon)

   [amulet of the acrobat]

   It increases your evasion while moving and waiting.
   Str:       It affects your strength (+2).
   rElec:     It insulates you from electricity.
   Stlth:     It makes you more stealthy.
 h - a ring of flight
 i - a +4 ring of slaying
 j - the ring of the Dragon {rElec Will+ Str+4}
   (You found it in the Dungeon)

   [ring of willpower]

   Str:       It affects your strength (+4).
   rElec:     It insulates you from electricity.
   Will:      It increases your willpower.
 m - the amulet of Nemelex Xobeh's Grace (around neck) {Spirit rN++}
   (You found it in the Dungeon)

   [amulet of guardian spirit]

   It causes incoming damage to be divided between your reserves of health and
   magic.
   rN:        It greatly protects you from negative energy.
 n - a ring of protection from fire
 t - a ring of poison resistance (left hand)
 y - a +5 ring of evasion
 B - a ring of protection from cold
 C - a ring of positive energy (right hand)
Wands
 d - a wand of charming (15)
 l - a wand of polymorph (8)
 o - a wand of mindburst (14)
 p - a wand of flame (9) (quivered)
Potions
 w - 7 potions of curing
 x - a potion of resistance {unknown}
 A - a potion of haste
Miscellaneous
 k - a condenser vane
 q - a phantom mirror
 r - a lightning rod (4/4)
 E - a box of beasts
 F - a piece from Xom's chessboard (15/15)


   Skills:
 + Level 12.7 Fighting
 + Level 16.2 Short Blades
 O Level 27 Dodging
 O Level 27 Stealth
 - Level 4.0 Evocations


You had 12 spell levels left.
You didn't know any spells.
Your spell library contained the following spells:

 Spells                   Type           Power      Damage    Failure   Level
 Stone Arrow              Conj/Erth      0%         3d7       56%         3
 Animate Armour           Summ/Erth      0%         N/A       93%         4
 Borgnjor's Vile Clutch   Necr/Erth      0%         N/A       100%        5
 Fireball                 Conj/Fire      0%         3d3       100%        5
 Iskenderun's Battlesphe  Conj           0%         2d6       100%        5
 Conjure Ball Lightning   Conj/Air       0%         3x3d6     100%        6
 Death Channel            Necr           0%         N/A       100%        6
 Orb of Destruction       Conj           0%         9d5       100%        7
 Borgnjor's Revivificati  Necr           0%         N/A       100%        8
 Lehudib's Crystal Spear  Conj/Erth      0%         10d2      100%        8
 Necromutation            Tmut/Necr      0%         N/A       100%        8
 Death's Door             Necr           0%         N/A       100%        9
 Animate Dead             Necr           Unusable   N/A       N/A         4

Dungeon Overview and Level Annotations

Branches:
Dungeon (1/1)

Altars:
Cheibriados
Dithmenos
Elyvilon
Fedhas
Gozag
Hepliaklqana
Kikubaaqudgha
Makhleb
Nemelex Xobeh
Okawaru
Qazlal
Ru
Sif Muna
Trog
Uskayaw
Vehumet
Wu Jian
Xom
Yredelemnul
Zin
The Shining One
Jiyva
Lugonu

Shops:
D =((*(!=(==*(!=((:*[[([[***

Annotations:
D Lom Lobon, Tiamat


Innate Abilities, Weirdness & Mutations

You are very small and have problems with some larger weapons.
You are too small for most types of armour.
You have supernaturally acute eyesight. (SInv)
You cover ground extremely quickly. (Speed+++)
Your mind is acute. (Int +4, Str/Dex -1)
You are clumsy. (Dex -2)
You have an increased reservoir of magic. (+10% MP)


Message History

You remove your ring of flight.
You float gracefully downwards.
C - a ring of positive energy (right hand)
You aren't carrying any scrolls.
Okay, then.
There is an open door here.
You open the door.
There is an open door here.
Lom Lobon, Demon Lord of Forbidden Knowledge comes into view.
Really walk into a travel-excluded area?
Really walk into that cloud of foul pestilence?
You are engulfed in dark miasma.
You feel yourself slow down.
You are engulfed in dark miasma.
You feel as though you will be slow longer.
You are engulfed in dark miasma.
You are engulfed in dark miasma.
You are poisoned.
You feel very sick.
You are engulfed in dark miasma.
You are more poisoned.
You feel very sick.
You are engulfed in dark miasma.
You are more poisoned.
You feel as though you will be slow longer.
You feel extremely sick.
The helpless Lom Lobon fails to defend themself.
You stick Lom Lobon like a pincushion!!!!!
Lom Lobon is severely wounded.
You are engulfed in dark miasma.
You feel very sick.
Your magical effects are unravelling.
You feel magically purged.
You are engulfed in dark miasma.
You feel as though you will be slow longer.
* * * LOW HITPOINT WARNING * * *
x2 You feel extremely sick.
Lom Lobon gestures.
A freezing vortex appears around Lom Lobon!
Lom Lobon gestures. 3 ball lightnings come into view.
You feel yourself speed up.
You are engulfed in dark miasma.
* * * LOW HITPOINT WARNING * * *
You die...
Your body crumbles into a pile of gold.

§.§§####.○.......#.#.'..##...§...
###§#))'○.....####'#.##'##....§§.
..#§#####...###....#.#~)~##......
.#§§#..[#####...####.#~~~~##?.)..
~####.)...)...###....#~~~~~######
~##..(....#####○○.°####~~~~#~~~~~
###.[..).##^○°○°°.°#..#'~~~'~~.~~
# #..)..##°°○○*°°°.#...##~~#~~~~~
###.....#..°°○°°@°.#....######'##
∩############○°&°°○#....#~~≈≈≈≈≈≈
###≈≈≈≈≈≈≈≈d#○°°°*○#######~~~~≈≈≈
# ###########.○○*○.+)[#|.'..)~~~~
#..0..+^,.^.○...○#).'.)#.......
#######*#######################


You could see Lom Lobon (vortex) and 3 ball lightnings.

Vanquished Creatures
  the Lernaean hydra (D)
  A golden dragon (D)
  A deep elf master archer (D)
  A shadow dragon (D)
  4 fire giants (D)
  A lorocyproca (D)
  A deep elf annihilator (D)
  A mummy priest (D)
  A hydra (D)
  2 centaur warriors (D)
  Sonja (D)
  A deep troll (D)
  A lindwurm (D)
  2 oklob plants (D)
  8 shining eyes (D)
  2 merfolk sirens (D)
  4 demonic crawlers (D)
  2 kobold demonologists (D)
  2 gargoyles (D)
  7 unseen horrors (D)
  A hellwing (D)
  4 hornets (D)
  A slime creature (D)
  Sigmund (D)
  A yak (D)
  13 hogs (D)
  2 redbacks (D)
  7 floating eyes (D)
  An ogre (D)
  7 necrophages (D)
  8 jellies (D)
  Ijyb (D)
  A ballistomycete spore (D)
92 creatures vanquished.

Vanquished Creatures (others)
  A hornet (D)
  A ballistomycete spore (D)
2 creatures vanquished.

Grand Total: 94 creatures vanquished

Notes
Turn   | Place    | Note
-------+----------+-------------------------------------------
     0 | D        | Heoruswealwe the Spriggan Artificer began the quest for the
                  | Orb.
     0 | D        | Reached XP level 1. HP: 9/9 MP: 2/2
     1 | D        | Noticed Ijyb
     4 | D        | Killed Ijyb
     5 | D        | Reached XP level 2. HP: 14/14 MP: 3/3
    15 | D        | Noticed an ogre
    18 | D        | Killed an ogre
    19 | D        | Reached XP level 3. HP: 17/17 MP: 4/4
    19 | D        | Reached XP level 4. HP: 21/21 MP: 5/5
    27 | D        | Noticed Sigmund
    30 | D        | Killed Sigmund
    31 | D        | Reached XP level 5. HP: 25/25 MP: 6/6
    42 | D        | Found an ornate altar of the Wu Jian Council.
    42 | D        | Found a shimmering blue altar of Sif Muna.
    44 | D        | Found a radiant altar of Vehumet.
    49 | D        | Reached XP level 6. HP: 29/29 MP: 7/7
    79 | D        | Found Beumeiz's General Store.
    79 | D        | Found an ancient bone altar of Kikubaaqudgha.
    79 | D        | Found a hazy altar of Hepliaklqana.
    79 | D        | Found a stormy altar of Qazlal.
    79 | D        | Found a hide-covered altar of Uskayaw.
    79 | D        | Found a blossoming altar of Fedhas.
    79 | D        | Found a bloodstained altar of Trog.
    79 | D        | Found an iron altar of Okawaru.
    79 | D        | Found a basalt altar of Yredelemnul.
    79 | D        | Found a glowing golden altar of the Shining One.
    79 | D        | Found a snail-covered altar of Cheibriados.
    79 | D        | Found a sacrificial altar of Ru.
    79 | D        | Found a glowing silver altar of Zin.
    79 | D        | Found a shadowy altar of Dithmenos.
    79 | D        | Found a white marble altar of Elyvilon.
    79 | D        | Noticed a yak
    80 | D        | Found an opulent altar of Gozag.
    81 | D        | Killed a yak
    82 | D        | Found a sparkling altar of Nemelex Xobeh.
    87 | D        | Became a worshipper of Zin the Law-Giver
    87 | D        | Reached * piety under Zin
    87 | D        | Reached ** piety under Zin
    87 | D        | Reached *** piety under Zin
    87 | D        | Reached **** piety under Zin
    87 | D        | Reached ***** piety under Zin
    87 | D        | Reached ****** piety under Zin
    95 | D        | Noticed Sonja
    99 | D        | Killed Sonja
   100 | D        | Reached XP level 7. HP: 32/32 MP: 8/8
   114 | D        | Found Xupn's Jewellery Boutique.
   125 | D        | Noticed a shining eye
   125 | D        | Noticed a shining eye
   125 | D        | Noticed a shining eye
   125 | D        | Noticed a shining eye
   125 | D        | Noticed a shining eye
   125 | D        | Noticed a shining eye
   128 | D        | Reached XP level 8. HP: 37/37 MP: 9/9
   128 | D        | Noticed a shining eye
   128 | D        | Noticed a shining eye
   131 | D        | Reached skill level 1 in Fighting
   131 | D        | Reached skill level 1 in Short Blades
   132 | D        | Killed a shining eye
   133 | D        | Reached skill level 5 in Dodging
   136 | D        | Paralysed by a floating eye for 2 turns
   141 | D        | Killed a shining eye
   142 | D        | Reached skill level 5 in Short Blades
   142 | D        | Killed a shining eye
   142 | D        | Paralysed by a floating eye for 3 turns
   143 | D        | Reached XP level 9. HP: 46/46 MP: 10/10
   148 | D        | Paralysed by a floating eye for 3 turns
   153 | D        | Killed a shining eye
   154 | D        | Reached skill level 5 in Fighting
   155 | D        | Paralysed by a floating eye for 3 turns
   166 | D        | Paralysed by a floating eye for 2 turns
   177 | D        | Paralysed by a floating eye for 2 turns
   188 | D        | Killed a shining eye
   188 | D        | Paralysed by a floating eye for 4 turns
   189 | D        | Reached skill level 27 in Stealth
   197 | D        | Reached skill level 10 in Dodging
   217 | D        | Killed a shining eye
   235 | D        | Killed a shining eye
   236 | D        | Reached XP level 10. HP: 53/53 MP: 11/11
   255 | D        | Killed a shining eye
   256 | D        | Reached skill level 15 in Dodging
   266 | D        | Fell from the grace of Zin
   266 | D        | Became a worshipper of Gozag Ym Sagoz the Greedy
   274 | D        | Noticed a deep troll
   278 | D        | Killed a deep troll
   289 | D        | Found Jylyac's Armour Emporium.
   364 | D        | Found Amagh's Weapon Shop.
   364 | D        | Found Laolut's Weapon Emporium.
   364 | D        | Found Fevvy's Distillery.
   365 | D        | Found Eluwkos's Weapon Shoppe.
   368 | D        | Bought a +0 quick blade of draining for 290 gold pieces
   413 | D        | Noticed a centaur warrior
   415 | D        | Noticed a centaur warrior
   422 | D        | Killed a centaur warrior
   423 | D        | Killed a centaur warrior
   612 | D        | Noticed an oklob plant
   614 | D        | Killed an oklob plant
   700 | D        | Reached XP level 11. HP: 25/56 MP: 12/12
   900 | D        | Found Jidwub's Assorted Antiques.
   904 | D        | Found Tuggoivvu's Antique Armour Emporium.
   905 | D        | Found Mikhlitz's Weapon Emporium.
   952 | D        | Found Fyudavoq's Book Boutique.
   952 | D        | Found Hiumoj's Weapon Shoppe.
   952 | D        | Found Zala's Weapon Shop.
   952 | D        | Found Qomes's Jewellery Emporium.
   952 | D        | Found Juruxuli's Distillery.
   952 | D        | Found Bauv's Antique Weapon Shoppe.
   952 | D        | Found Ylahing's General Store.
   955 | D        | Bought a brown potion for 16 gold pieces
   955 | D        | Bought a scroll labelled EVO GUCUENYOR for 18 gold pieces
   956 | D        | Bought a runed robe for 92 gold pieces
   956 | D        | Bought a sheer robe for 142 gold pieces
   956 | D        | Identified the +0 robe of the Unseen Realm {rElec rC++}
                  | (You bought it in a shop in the Dungeon)
   956 | D        | Bought a cloak for 112 gold pieces
   956 | D        | Found Vopycaah's Jewellery Emporium.
   957 | D        | Found Ojiu's Jewellery Boutique.
   957 | D        | Found Qouxel's Weapon Shoppe.
   958 | D        | Found Wimnauv's Jewellery Shop.
   968 | D        | Bought the amulet "Ufer" {Acrobat rElec Str+2 Stlth+} for
                  | 714 gold pieces
  1016 | D        | Bought 2 potions of haste for 360 gold pieces
  1022 | D        | Bought a potion of curing for 42 gold pieces
  1022 | D        | Bought a potion of curing for 42 gold pieces
  1022 | D        | Bought a potion of cancellation for 112 gold pieces
  1022 | D        | Bought a potion of heal wounds for 70 gold pieces
  1078 | D        | Bought a potion of mutation for 112 gold pieces
  1078 | D        | Bought a scroll of identify for 28 gold pieces
  1078 | D        | Bought a potion of brilliance for 56 gold pieces
  1147 | D        | Found a burning altar of Makhleb.
  1147 | D        | Found a viscous altar of Jiyva.
  1147 | D        | Found a shimmering altar of Xom.
  1147 | D        | Found a corrupted altar of Lugonu.
  1206 | D        | Bought a potion of mutation for 88 gold pieces
  1206 | D        | Bought a potion of flight for 33 gold pieces
  1206 | D        | Bought a potion of lignification for 33 gold pieces
  1206 | D        | Bought a potion of mutation for 88 gold pieces
  1206 | D        | Bought a potion of haste for 110 gold pieces
  1285 | D        | Bought a potion of degeneration for 14 gold pieces
  1287 | D        | Bought a scroll of magic mapping for 97 gold pieces
  1526 | D        | Noticed a lindwurm
  1529 | D        | Killed a lindwurm
  1738 | D        | Noticed a 12-headed hydra
  1740 | D        | Killed a 12-headed hydra
  1808 | D        | Noticed a shadow dragon
  1808 | D        | Noticed a golden dragon
  1811 | D        | Identified the staff of death "Dymiykub" {rPois rN+ Stlth+}
  1812 | D        | Killed a golden dragon
  1813 | D        | Reached skill level 27 in Dodging
  1837 | D        | Killed a shadow dragon
  1838 | D        | Reached XP level 12. HP: 37/63 MP: 13/13
  1914 | D        | Found Hah Sots's General Store.
  1933 | D        | Bought a potion of curing for 42 gold pieces
  1933 | D        | Bought a potion of might for 56 gold pieces
  1933 | D        | Bought a scroll of torment for 133 gold pieces
  1933 | D        | Bought a scroll of poison for 56 gold pieces
  2043 | D        | Bought a scroll of blinking for 97 gold pieces
  2055 | D        | Bought a ring of protection from fire for 325 gold pieces
  2060 | D        | Bought a ring of resist corrosion for 220 gold pieces
  2060 | D        | Bought a ring of flight for 192 gold pieces
  2060 | D        | Bought a +4 ring of slaying for 858 gold pieces
  2113 | D        | Bought a ring of poison resistance for 280 gold pieces
  2113 | D        | Bought a ring of protection from cold for 350 gold pieces
  2187 | D        | Bought a runed cloak for 240 gold pieces
  2233 | D        | Noticed a lorocyproca
  2239 | D        | Killed a lorocyproca
  2240 | D        | Reached skill level 10 in Short Blades
  2500 | D        | Bought a runed scarf for 256 gold pieces
  2557 | D        | Noticed a daeva
  2627 | D        | Identified the ring of the Dragon {rElec Will+ Str+4}
  2756 | D        | Noticed a fire giant
  2759 | D        | Noticed a fire giant
  2760 | D        | Noticed a fire giant
  2761 | D        | Noticed a fire giant
  2763 | D        | Killed a fire giant
  2767 | D        | Killed a fire giant
  2769 | D        | Killed a fire giant
  2770 | D        | Reached skill level 10 in Fighting
  2771 | D        | Killed a fire giant
  2779 | D        | Found the +4 dragonskin cloak
  2779 | D        | Noticed Tiamat
  2864 | D        | Bought the +0 mask of the Dragon {Will+ Slay+3 SInv} for
                  | 501 gold pieces
  2864 | D        | Found the +0 mask of the Dragon {Will+ Slay+3 SInv}
  2864 | D        | Bought a +1 cloak of stealth for 247 gold pieces
  2952 | D        | Noticed a deep elf annihilator
  2955 | D        | Noticed a mummy priest
  2958 | D        | Killed a deep elf annihilator
  3087 | D        | Noticed a jiangshi
  3094 | D        | Killed a mummy priest
  3179 | D        | Bought a scroll of identify for 46 gold pieces
  3179 | D        | Bought a potion of mutation for 184 gold pieces
  3188 | D        | Gained mutation: You are frail. (-10% HP) [potion of
                  | mutation]
  3188 | D        | Gained mutation: You are resistant to electric shocks.
                  | (rElec) [potion of mutation]
  3188 | D        | Gained mutation: You expend magic power (3 MP) to
                  | strengthen your wands. [potion of mutation]
  3189 | D        | Lost mutation: You are resistant to electric shocks.
                  | (rElec) [potion of mutation]
  3189 | D        | Lost mutation: You expend magic power (3 MP) to strengthen
                  | your wands. [potion of mutation]
  3189 | D        | Gained mutation: Your flesh is heat resistant. (rF+)
                  | [potion of mutation]
  3189 | D        | Gained mutation: You have very sharp teeth. [potion of
                  | mutation]
  3190 | D        | Lost mutation: You have very sharp teeth. [potion of
                  | mutation]
  3190 | D        | Lost mutation: You are frail. (-10% HP) [potion of
                  | mutation]
  3190 | D        | Gained mutation: You are clumsy. (Dex -2) [potion of
                  | mutation]
  3190 | D        | Gained mutation: You are dopey. (Int -2) [potion of
                  | mutation]
  3190 | D        | Gained mutation: You are frail. (-10% HP) [potion of
                  | mutation]
  3190 | D        | Gained mutation: You have an increased reservoir of magic.
                  | (+10% MP) [potion of mutation]
  3191 | D        | Lost mutation: You are frail. (-10% HP) [potion of
                  | mutation]
  3191 | D        | Lost mutation: You are dopey. (Int -2) [potion of mutation]
  3191 | D        | Lost mutation: Your flesh is heat resistant. (rF+) [potion
                  | of mutation]
  3191 | D        | Gained mutation: Your mind is acute. (Int +4, Str/Dex -1)
                  | [potion of mutation]
  3251 | D        | Noticed the 27-headed Lernaean hydra
  3253 | D        | Killed the 27-headed Lernaean hydra
  3254 | D        | Reached skill level 15 in Short Blades
  3254 | D        | Reached XP level 13. HP: 76/76 MP: 15/15
  3258 | D        | Noticed a deep elf master archer
  3261 | D        | Killed a deep elf master archer
  3453 | D        | Identified the amulet of Nemelex Xobeh's Grace {Spirit
                  | rN++}
  3563 | D        | Bought 3 scrolls of fog for 156 gold pieces
  3563 | D        | Bought a scroll of identify for 26 gold pieces
  3563 | D        | Bought a +3 rapier of flaming for 314 gold pieces
  3603 | D        | Noticed Lom Lobon
  3615 | D        | HP: 2/76 [something (7)]
  3615 | D        | Succumbed to poison (dark miasma)

Illustrated notes

Levels and vault maps discovered:
D:        dungeon_sprint_1 [red_sonja_temple_1, red_sonja_temple_small_1]

Skill      XL: |  1  2  3  4  5  6  7  8  9 10 11 12 13 |
---------------+----------------------------------------+-----
Stealth        | 9 14 18 25 26 27 | 27.0
Fighting       | 4 6 7 12 | 12.7
Short Blades   | 6 7 9 15 16 | 16.2
Dodging        | 8 13 20 27 | 27.0
Evocations     | |  4.0

Action                     |  1- 3 |  4- 6 |  7- 9 | 10-12 | 13-15 || total
---------------------------+-------+-------+-------+-------+-------++-------
  Melee: Dagger            |     1 |     4 |    68 |   269 |       ||   342
         Punch             |       |       |     4 |     3 |       ||     7
         Quick blade       |       |       |       |    78 |     2 ||    80
 Invoke: Call Merchant     |       |       |       |     3 |     1 ||     4
  Evoke: Wand              |     2 |       |       |    13 |       ||    15
         Lightning rod     |       |       |       |    10 |       ||    10
    Use: Potion            |       |       |       |    11 |     2 ||    13
         Scroll            |       |       |       |    12 |     1 ||    13
   Stab: Sleeping          |     1 |     4 |     6 |    39 |     2 ||    52
         Distracted        |       |       |       |     6 |       ||     6
 Armour: Robe              |       |       |       |     1 |       ||     1
  Dodge: Dodged            |       |       |       |   220 |       ||   220
